 Dungeon Sprint DCSS version 0.17.1-3-g152610e (webtiles) character file.

944 Kokonut the Fighter (level 7, 0/87 HPs)
             Began as a Troll Berserker on Feb 26, 2016.
             Was a High Priest of Trog.
             Slain by a blink frog (15 damage)
             ... in the Dungeon (Sprint II: "The Violet Keep of Menkaure").
             The game lasted 00:05:07 (509 turns).

Kokonut the Fighter (Troll Berserker)                Turns: 509, Time: 00:05:07

Health: 0/87       AC:  5    Str: 27    XL:     7   Next: 88%
Magic:  6/6        EV: 12    Int:  3    God:    Trog [*****.]
Gold:   972        SH:  0    Dex: 10    Spells: 0 memorised, 6 levels left

rFire  . . .     SeeInvis .       - Unarmed
rCold  . . .     Clarity  .     a - +0 animal skin
rNeg   . . .     SustAt   .     (no shield)
rPois  .         Gourm    +     (helmet restricted)
rElec  .         Spirit   .     (no cloak)
rCorr  .         Warding  .     (gloves unavailable)
rMut   .         NoTele   +     (boots unavailable)
MR     .....                    (no amulet)
Stlth  +.........               (no ring)
                                (no ring)

@: not resistant to hostile enchantments, very unstealthy
A: unfitting armour, claws 3, fast metabolism 3, gourmand, regeneration 2,
shaggy fur 1, tough skin 2
a: Berserk, Trog's Hand, Brothers in Arms, Burn Spellbooks, Renounce Religion


You were in the Dungeon.
You worshipped Trog.
Trog was extremely pleased with you.
You were very full.

You visited 1 branch You collected 972 gold pieces.

Inventory:

Armour
 a - a +0 animal skin (worn)
Scrolls
 h - a scroll of blinking
Potions
 d - a potion of heal wounds
 e - a potion of haste
 f - 2 potions of magic
 g - a potion of berserk rage
Comestibles
 b - 2 bread rations


   Skills:
 + Level 10.5 Fighting
 + Level 7.8 Dodging
 + Level 9.2 Unarmed Combat


You had 6 spell levels left.
You didn't know any spells.

Dungeon Overview and Level Annotations

Branches:
Dungeon (1/1)

Altars:
Cheibriados
Fedhas
Trog
Beogh

Shops:
D [(}=[[[%!%?


Innate Abilities, Weirdness & Mutations

You are too large for most types of armour.
You have claws for hands.
Your metabolism is lightning-fast.
You like to eat raw meat.
You heal very quickly.
You are covered in fur (AC +1).
You have very tough skin (AC +2).


Message History

The blink frog closely misses you.
You scratch the blink frog.
The blink frog is lightly wounded.
The blink frog hits you!
You claw the blink frog!
The blink frog is moderately wounded.
The blink frog hits you!! The blink frog hits you!
You miss the blink frog.
The blink frog is moderately wounded.
The blink frog hits you!
* * * LOW HITPOINT WARNING * * *
The blink frog blinks!
You open the door. The blink frog barely misses you. The blink frog hits you!
* * * LOW HITPOINT WARNING * * *
There is an open door here.
You claw the blink frog!
The blink frog is severely wounded.
The blink frog hits you!
You die...

#######≈≈≈.........#
......#≈≈≈≈.##+##..#
.....∩#≈≈≈≈##.#.##.####
∩...∩.#≈≈≈≈#..#..#....#
.∩.∩.∩#≈≈#####.#####..##
∩.∩.∩.#≈##.###+###.##..#
.∩.∩..#≈#.#.##.##...#..#
..⌠...+≈F###'.<.'##.'..###
......#≈#@#.##.##.###....#
▓▓▓▓###≈##.###'###.##.....
l######≈≈####.#.####≈≈....
.# ##≈≈≈#..#..#≈≈≈≈§§≈§
#'#≈##.#.##≈≈≈≈≈≈≈≈
#)#≈≈##+##≈≈§≈≈≈≈≈≈
####≈≈≈≈≈≈≈≈≈§≈≈≈≈≈
#+++#+++#≈§≈§§≈§ zz§. §


You could see a blink frog.

Vanquished Creatures
  2 boulder beetles (D)
  2 hippogriffs (D)
  Menkaure (D)
  A crocodile (D)
  4 worker ants (D)
  3 worms (D)
13 creatures vanquished.

Notes
Turn   | Place    | Note
--------------------------------------------------------------
     0 | D        | Kokonut the Troll Berserker began the quest for the Orb.
     0 | D        | Reached XP level 1. HP: 22/22 MP: 0/0
     1 | D        | Noticed a worker ant
     1 | D        | Noticed a worker ant
     6 | D        | Killed a worker ant
     6 | D        | Reached skill level 4 in Fighting
     6 | D        | Reached XP level 2. HP: 32/32 MP: 1/1
    10 | D        | Killed a worker ant
    10 | D        | Reached ** piety under Trog
    10 | D        | Reached XP level 3. HP: 41/41 MP: 2/2
    14 | D        | Noticed a worker ant
    14 | D        | Noticed a worker ant
    23 | D        | Killed a worker ant
    23 | D        | Reached skill level 5 in Fighting
    23 | D        | Reached XP level 4. HP: 14/50 MP: 3/3
    27 | D        | Killed a worker ant
    27 | D        | Reached skill level 5 in Unarmed Combat
   105 | D        | Reached skill level 6 in Fighting
   111 | D        | Reached *** piety under Trog
   150 | D        | Noticed a boulder beetle
   150 | D        | Noticed a boulder beetle
   153 | D        | Noticed a hippogriff
   153 | D        | Noticed a hippogriff
   160 | D        | Killed a hippogriff
   160 | D        | Reached skill level 7 in Fighting
   160 | D        | Reached skill level 5 in Dodging
   160 | D        | Reached XP level 5. HP: 61/62 MP: 4/4
   165 | D        | Killed a hippogriff
   165 | D        | Reached **** piety under Trog
   165 | D        | Reached skill level 8 in Fighting
   165 | D        | Reached XP level 6. HP: 59/74 MP: 5/5
   235 | D        | Killed a boulder beetle
   235 | D        | Reached skill level 9 in Fighting
   235 | D        | Reached XP level 7. HP: 83/83 MP: 6/6
   242 | D        | Killed a boulder beetle
   242 | D        | Reached skill level 10 in Fighting
   326 | D        | Noticed a flying skull
   327 | D        | Noticed a flying skull
   327 | D        | Noticed a flying skull
   327 | D        | Noticed a flying skull
   327 | D        | Noticed a flying skull
   327 | D        | Noticed a flying skull
   328 | D        | Noticed a flying skull
   328 | D        | Noticed a flying skull
   328 | D        | Noticed a flying skull
   328 | D        | Noticed a flying skull
   329 | D        | Noticed a crocodile
   330 | D        | Noticed a flying skull
   332 | D        | Noticed a flying skull
   337 | D        | Killed a crocodile
   353 | D        | Found a blossoming altar of Fedhas.
   354 | D        | Found a bloodstained altar of Trog.
   354 | D        | Found a snail-covered altar of Cheibriados.
   354 | D        | Found a roughly hewn altar of Beogh.
   363 | D        | Noticed Menkaure
   364 | D        | Noticed a lava snake
   382 | D        | Killed Menkaure
   382 | D        | Reached ***** piety under Trog
   479 | D        | Noticed a lava snake
   480 | D        | Noticed a lava snake
   481 | D        | Noticed a lava snake
   482 | D        | Found Rophupiac's Food Boutique.
   482 | D        | Found Cimeet's Magic Scroll Shop.
   483 | D        | Found Norhi's Food Boutique.
   483 | D        | Found Peijakye's Distillery.
   484 | D        | Found Acusaen's Armour Boutique.
   484 | D        | Found Doijuotu's Antique Armour Shop.
   485 | D        | Found Heimyf's Antique Armour Boutique.
   486 | D        | Found Kiov's Gadget Shop.
   486 | D        | Found Taax's Jewellery Boutique.
   487 | D        | Found Funesuog's Armour Boutique.
   487 | D        | Found Vepopsem's Antique Weapon Shop.
   488 | D        | Noticed a wyvern
   496 | D        | Noticed a blink frog
   509 | D        | Slain by a blink frog

Action                   |  1- 3 |  4- 6 |  7- 9 || total
-------------------------+-------+-------+-------++-------
Melee: Unarmed           |    13 |    38 |    26 ||    77
Invok: Berserk           |     1 |     2 |     1 ||     4
  Use: Potion            |     1 |       |       ||     1
  Eat: Chunk             |       |    10 |     4 ||    14
